 Dungeon Crawl Stone Soup version 0.18-a0-1045-g4e042de (webtiles) character file.

326 tof the Bolt Thrower (level 6, -7/47 HPs)
             Began as a Formicid Hunter on Jan 11, 2016.
             Was a Follower of Okawaru.
             Mangled by Crazy Yiuf
             ... wielding a +2 quarterstaff of chaos
              (14 damage)
             ... on level 4 of the Dungeon.
             The game lasted 00:11:39 (3633 turns).

tof the Bolt Thrower (Formicid Hunter)              Turns: 3633, Time: 00:11:40

Health: -7/47      AC:  7    Str: 17    XL:     6   Next: 78%
Magic:  6/6        EV: 12    Int: 10    God:    Okawaru [*.....]
Gold:   217        SH:  0    Dex: 15    Spells: 0 memorised, 5 levels left

rFire  . . .     SeeInvis +     a - +1 short sword (holy)
rCold  . . .     Gourm    .     h - +3 leather armour {rPois}
rNeg   . . .     Faith    .     (no shield)
rPois  +         Spirit   .     (helmet unavailable)
rElec  .         Dismiss  .     (no cloak)
rCorr  .         Reflect  .     l - +0 pair of gloves
SustAt .         Harm     .     (no boots)
MR     .....                    (no amulet)
Stlth  ++........               (no ring)
                                r - +2 ring of dexterity

@: very slightly contaminated, drained, not resistant to hostile enchantments,
unstealthy
A: permanent stasis, dig shafts and tunnels, four strong arms, antennae 3
a: Dig, Shaft Self, Heroism, Renounce Religion


You were on level 4 of the Dungeon.
You worshipped Okawaru.
Okawaru was aware of your devotion.
You were hungry.

You visited 1 branch of the dungeon, and saw 5 of its levels.

You collected 217 gold pieces.

Inventory:

Hand Weapons
 a - a +1 short sword of holy wrath (weapon)
 b - a +1 hand crossbow
 B - a +0 short sword
Missiles
 d - 19 bolts
Armour
 c - a +0 leather armour
 h - a +3 leather armour of poison resistance (worn)
 l - a +0 pair of gloves (worn)
 t - a +0 chain mail
Jewellery
 r - a +2 ring of dexterity (left hand)
Wands
 y - a wand of confusion (22/48)
Scrolls
 e - a scroll of fog {unknown}
 i - a scroll of immolation {unknown}
 j - 5 scrolls of identify
 k - a scroll of blinking {unknown}
 m - a scroll of enchant weapon {unknown}
 s - a scroll of remove curse {unknown}
 u - a scroll of enchant armour {unknown}
 w - a scroll of random uselessness {unknown}
 x - a scroll of fear {unknown}
Potions
 n - a potion of flight
 o - a potion of lignification {unknown}
 p - a potion of cancellation {unknown}
 q - a potion of mutation {unknown}
 v - a potion of curing {unknown}
Comestibles
 f - 4 bread rations
 g - a fruit
 z - a beef jerky


   Skills:
 + Level 3.2(2.9) Fighting
 + Level 6.2(5.8) Crossbows
 + Level 2.3(2.0) Armour
 + Level 2.5(2.2) Dodging
 + Level 2.6(2.3) Stealth


You had 5 spell levels left.
You didn't know any spells.

Dungeon Overview and Level Annotations

Branches:
Dungeon (5/15)
 Temple: D:4-7

Altars:
Elyvilon
Okawaru
Trog

Shops:
D:4 [

Annotations:
D:4 Crazy Yiuf


Innate Abilities, Weirdness & Mutations

You are under a permanent stasis effect.
You can dig through walls and to a lower floor.
Your four strong arms can wield two-handed weapons with a shield.
You have a pair of large antennae on your head (SInv).


Message History

You closely miss Crazy Yiuf.
Crazy Yiuf screams, "Cards bag return to song!"
Crazy Yiuf hits you with a quarterstaff of chaos!
You feel drained.
You hit Crazy Yiuf.
Crazy Yiuf is lightly wounded.
Crazy Yiuf hits you with a quarterstaff of chaos.
* * * LOW HITPOINT WARNING * * *
Crazy Yiuf burns you.
* * * LOW HITPOINT WARNING * * *
You hit Crazy Yiuf.
Crazy Yiuf is lightly wounded.
Crazy Yiuf screams, "Fire ragdoll bush!"
Crazy Yiuf hits you with a quarterstaff of chaos.
* * * LOW HITPOINT WARNING * * *
Your stasis keeps you stable.
You are very lightly contaminated with residual magic.
There is an open door here.
Crazy Yiuf hits you with a quarterstaff of chaos!
You die...

.............................)..#
######.###.....#.####.#######.###
.........'.........##.#######.#
##########..................#.#
#######.#.##.#####.#.# ########
#.#.# ####### ######.#.###
......# #######...........
####### ########@#.P#.#####.#.###
#..# #...##.g#.P............##
#.## #...'.#####P....###......
#.# #)..### #P#...###.#..#. #.#
##### ####.........#. ####.#
#..#.#....#. .....# #..#.#.#..#.
####.# #############..#.#.#..##
#.#####.##.##<.#.#............


You could see Crazy Yiuf.

Vanquished Creatures
  2 hounds (D:4)
  An orc priest (D:3)
  Jessica (D:2)
  2 worker ants
  8 adders
  2 oozes (D:2)
  3 worms
  4 giant geckos
  5 orcs
  2 ball pythons (D:3)
  4 bats (D:1)
  6 giant cockroaches
  5 goblins
  3 hobgoblins
  8 jackals
  5 kobolds
  7 giant newts
  9 rats
  A fungus (D:4)
78 creatures vanquished.

Notes
Turn   | Place    | Note
--------------------------------------------------------------
     0 | D:1      | tof the Formicid Hunter began the quest for the Orb.
     0 | D:1      | Reached XP level 1. HP: 16/16 MP: 1/1
    80 | D:1      | Reached XP level 2. HP: 17/22 MP: 2/2
   247 | D:1      | Reached XP level 3. HP: 28/28 MP: 3/3
   601 | D:2      | Found an iron altar of Okawaru.
   614 | D:2      | Became a worshipper of Warmaster Okawaru
   722 | D:2      | Reached XP level 4. HP: 29/34 MP: 4/4
   739 | D:2      | Noticed Jessica
   744 | D:2      | Killed Jessica
   744 | D:2      | Reached skill level 5 in Crossbows
   887 | D:2      | Reached XP level 5. HP: 40/40 MP: 5/5
  1007 | D:2      | Found a bloodstained altar of Trog.
  1421 | D:3      | Reached * piety under Okawaru
  1421 | D:3      | Reached skill level 1 in Armour
  1630 | D:3      | Reached XP level 6. HP: 25/46 MP: 6/6
  1817 | D:3      | Found a white marble altar of Elyvilon.
  2340 | D:4      | Found Fyseniop's Antique Armour Emporium.
  2513 | D:5      | Entered Level 5 of the Dungeon
  2525 | D:4      | Reached skill level 6 in Crossbows
  3614 | D:4      | Noticed Crazy Yiuf
  3633 | D:4      | Mangled by Crazy Yiuf

Vault maps used:
D:1:      ncdulo_smallfort, st_stairs_8
D:2:      lightli_temple_of_fire, grunt_ministairs_14,
          okawaru_metal_pillars_1_2, uniq_jessica
D:3:      overflow_temple_1_default
D:4:      serial_shops, shop, first_bread, uniq_crazy_yiuf_cottage
D:5:      overflow_temple_1_default, kennysheep_big_empty_room,
          nemelex_lonely_heart_becter

Action                   |  1- 3 |  4- 6 || total
-------------------------+-------+-------++-------
Melee: Short sword       |    10 |   178 ||   188
 Fire: Hand crossbow     |    73 |    92 ||   165
  Use: Potion            |       |     3 ||     3
       Scroll            |       |     1 ||     1
  Eat: Chunk             |       |     7 ||     7
       Fruit             |       |     1 ||     1
